 Dungeon Crawl Stone Soup version 0.23-a0-726-g9fa1570 (webtiles) character file.

67 Inarius the Ducker (level 3, -3/25 HPs)
             Began as a Felid Berserker on Jan 16, 2019.
             Was a Believer of Trog.
             Slain by Natasha (9 damage)
             ... on level 2 of the Dungeon.
             The game lasted 00:02:49 (1572 turns).

Inarius the Ducker (Felid Berserker)                Turns: 1572, Time: 00:02:50

Health: -3/25      AC:  1    Str: 19    XL:     3   Next: 98%
Magic:  4/4        EV: 20    Int:  8    God:    Trog [**....]
Gold:   61         SH:  0    Dex: 15    Spells: 2/2 levels left
                                        Lives:  0   Deaths: 0

rFire    . . .     SeeInvis +     - Unarmed
rCold    . . .     Gourm    .   (shield unavailable)
rNeg     . . .     Faith    .   (armour unavailable)
rPois    .         Spirit   .   (helmet unavailable)
rElec    .         Reflect  .   (cloak unavailable)
rCorr    .         Harm     .   (gloves unavailable)
MR       .....                  (boots unavailable)
Stlth    ..........             (no amulet)
HPRegen  0.08/turn              (no ring)
MPRegen  0.09/turn              (no ring)

@: berserking, very quick
A: very small, no armour, no weapons or thrown items, stealth, claws 1, fangs 3,
see invisible, carnivore, speed 1, shaggy fur 1, slow metabolism 1, sharp paws
a: Berserk, Trog's Hand, Renounce Religion


You were on level 2 of the Dungeon.
You worshipped Trog.
Trog was pleased with you.
You were very full.

You visited 1 branch of the dungeon, and saw 2 of its levels.

You collected 61 gold pieces.

Inventory:

Wands
 k - a wand of random effects (11)
Scrolls
 b - a scroll of blinking {unknown}
 c - 2 scrolls of amnesia {unknown}
 d - 5 scrolls of identify {unknown}
 e - a scroll of remove curse {unknown}
 g - 3 scrolls of teleportation {unknown}
 h - a scroll of noise {unknown}
Potions
 f - a potion of might {unknown}
 i - a potion of mutation {unknown}
Comestibles
 a - 2 rations
 j - 2 chunks of flesh


   Skills:
 * Level 3.4 Fighting
 + Level 4.6 Dodging
 * Level 2.1 Stealth
 + Level 3.8 Unarmed Combat


You had 2 spell levels left.
You didn't know any spells.
Your spell library was empty.

Dungeon Overview and Level Annotations

Branches:
Dungeon (2/15)

Altars:

Annotations:
D:2 Natasha


Innate Abilities, Weirdness & Mutations

You cannot wear armour.
You are incapable of wielding weapons or throwing items.
Your paws allow you to move quietly. (Stealth)
You have sharp claws.
You have razor-sharp teeth.
You have supernaturally acute eyesight. (SInv)
You are carnivorous and can eat meat at any time.
You cover ground quickly.
You are covered in fur. (AC +1)
You have a slow metabolism.
Your sharp claws are effective at attacking unaware monsters.


Message History

You barely miss Natasha.
Natasha is heavily wounded.
Natasha claws you!
Ouch! That really hurt!
You are too injured to fight recklessly!
You are too injured to fight recklessly!
A red film seems to cover your vision as you go berserk!
You feel yourself moving faster!
You feel mighty! Natasha claws you.
* * * LOW HITPOINT WARNING * * *
You closely miss Natasha.
Natasha is heavily wounded.
Natasha casts a spell.
You barely miss Natasha.
Natasha is heavily wounded.
Okay, then.
Unknown command.
You closely miss Natasha. You claw Natasha.
Natasha is almost dead.
Natasha claws you!
You die...

....##....# #....# #
....##....# #.......
#....# # ....##....#
#...... #....# #
######....# #.....#
##+### # #....# #.....# #
#<...# #.....# #....#
##.5...# #.#+## ##..h...#
#.#.# #. #@## ######.#.#
#.###)# ###+#
.......#'#####.#[#.......
#.####........#)###......
#.# #).......##.#.......
#.# #...................
#.# #...................
#.# #...................
#.# ###+##+#####+#......


You could see Natasha and a crimson imp.

Vanquished Creatures
  Robin (D:2)
  A gnoll (D:1)
  An ooze (D:2)
  2 dart slugs
  A ball python (D:2)
  4 bats
  2 giant cockroaches
  8 goblins
  8 hobgoblins
  A kobold (D:1)
  6 rats
35 creatures vanquished.

Notes
Turn   | Place    | Note
-------+----------+-------------------------------------------
     0 | D:1      | Inarius the Felid Berserker began the quest for the Orb.
     0 | D:1      | Reached XP level 1. HP: 10/10 MP: 2/2
   176 | D:1      | Reached skill level 1 in Stealth
   176 | D:1      | Reached XP level 2. HP: 6/14 MP: 3/3
   908 | D:1      | Reached XP level 3. HP: 17/17 MP: 4/4
  1067 | D:2      | Noticed Robin
  1094 | D:2      | Killed Robin
  1102 | D:2      | Reached ** piety under Trog
  1564 | D:2      | Noticed Natasha
  1572 | D:2      | Slain by Natasha

Vault maps used:
D:1:      saegor_arrival_simple_e, serial_corexii_hall, chequers_hall_statues_y,
          chequers_hall_statues_corner_a, chequers_hall_statues_y,
          corexii_hall_statues_s
D:2:      okawaru_trees_1, minmay_tripent, uniq_robin, uniq_crazy_yiuf_cottage,
          uniq_natasha

Skill      XL: |  1  2  3 |
---------------+----------+-----
Stealth        | 1 2 |  2.1
Fighting       | |  3.4
Dodging        | |  4.6
Unarmed Combat | |  3.8

Action                   || total
-------------------------++-------
Melee: Unarmed           ||    94
       Bite              ||     5
       Punch             ||     2
Invok: Berserk           ||     3
 Stab: Distracted        ||     1
       Sleeping          ||     6
  Eat: Chunk             ||    10
Armor: Skin              ||     6
Dodge: Dodged            ||    68

Table legend:
 A = Non-vault XP
 B = Vault XP
 C = Vault XP percentage of total XP
 D = Non-vault monster count
 E = Vault monster count
 F = Vault count percentage of total count
                 A         B        C        D         E       F
            +---------+---------+-------+---------+---------+-------
      Total |      59 |      37 |  38.5 |      23 |      12 |  34.3
            +---------+---------+-------+---------+---------+-------
        D:1 |      42 |       0 |   0.0 |      17 |       0 |   0.0
        D:2 |      17 |      37 |  68.5 |       6 |      12 |  66.7
            +---------+---------+-------+---------+---------+-------
